 Dungeon Crawl Stone Soup version 0.29-a0-1019-g84f7d21838 (webtiles) character file.

Game seed: 8721370058111515857

64 drpainis the Sneak (level 3, -10/16 HPs)
             Began as a Spriggan Enchanter on Aug 11, 2022.
             Killed by divine providence
             ... invoked by an orc priest
              (13 damage)
             ... on level 3 of the Dungeon.
             The game lasted 00:02:34 (2890 turns).

drpainis the Sneak (Spriggan Enchanter)             Turns: 2890, Time: 00:02:35

Health: -10/16     AC:  3    Str:  4    XL:     3   Next: 91%
Magic:  8/8        EV: 18    Int: 16    God:
Gold:   167        SH:  5    Dex: 17    Spells: 6/8 levels left

rFire   . . .      SeeInvis +   a - +1 dagger
rCold   . . .      Faith    .   (no shield)
rNeg    . . .      Spirit   .   b - +0 robe
rPois   .          Reflect  +   (helmet restricted)
rElec   .          Harm     .   s - +0 cloak
rCorr   .          Rampage  .   (gloves unavailable)
Will    .....                   (boots unavailable)
Stlth   +++.......              l - amulet of reflection
HPRegen 0.05/turn               j - +4 ring of slaying
MPRegen 0.11/turn               (no ring)

@: very quick
A: very small, no large weapons, unfitting armour, see invisible, speed 3
a: no special abilities


You were on level 3 of the Dungeon.
You visited 1 branch of the dungeon, and saw 3 of its levels.

You collected 167 gold pieces.

Inventory:

Hand Weapons
 a - a +1 dagger (weapon)
Armour
 b - a +0 robe (worn)
 s - a +0 cloak (worn)
Jewellery
 j - a +4 ring of slaying (left hand)
 l - an amulet of reflection (around neck)
Scrolls
 e - a scroll of amnesia {unknown}
 f - 3 scrolls of magic mapping {unknown}
 g - a scroll of enchant armour {unknown}
 m - 2 scrolls of butterflies {unknown}
 o - 2 scrolls of teleportation {unknown}
 p - a scroll of brand weapon {unknown}
 q - a scroll of vulnerability {unknown}
Potions
 c - 2 potions of invisibility
 d - a potion of brilliance {unknown}
 h - 3 potions of heal wounds {unknown}
 i - 2 potions of might {unknown}
 k - 3 potions of attraction {unknown}
 n - a potion of lignification {unknown}
 r - a potion of curing {unknown}


   Skills:
 + Level 1.2 Short Blades
 + Level 3.1 Dodging
 + Level 5.7 Stealth
 + Level 0.1 Shields
 + Level 3.4 Spellcasting
 + Level 4.2 Hexes
 + Level 0.1 Ice Magic


You had 6 spell levels left.
You knew the following spells:

 Your Spells              Type           Power      Damage    Failure   Level
a - Ensorcelled Hibernat  Hex/Ice        18%        N/A       11%         2

Your spell library contained the following spells:

 Spells                   Type           Power      Damage    Failure   Level
 Confusing Touch          Hex            16%        N/A       10%         3
 Tukima's Dance           Hex            16%        N/A       10%         3
 Dazzling Flash           Conj/Hex       18%        N/A       22%         3


Dungeon Overview and Level Annotations

Branches:
Dungeon (3/15)

Altars:
Uskayaw
Wu Jian


Innate Abilities, Weirdness & Mutations

You are very small and have problems with some larger weapons.
You are too small for most types of armour.
You have supernaturally acute eyesight. (SInv)
You cover ground extremely quickly. (Speed+++)


Message History

The frilled lizard hisses angrily.
The frilled lizard misses you.
You hit the frilled lizard.
You kill the frilled lizard!
You see here a frilled lizard corpse.
There is a stone staircase leading up here.
There is a stone staircase leading down here.
You open the door.
There is an open door here.
You open the door.
There is an ornate altar of the Wu Jian Council here.
Key pressed, stopping explore.
There is a stone staircase leading down here.
An orc and an orc priest come into view.
Found 8 gold pieces.
There are monsters nearby!
An orc and a bat come into view.
The orc is wielding a +0 falchion of holy wrath.
Found 4 stones.
A frilled lizard comes into view.
The orc shouts!
The orc priest shouts!
The orc shouts!
The frilled lizard hisses angrily.
The bat misses you. The orc closely misses you.
The orc priest completely misses you.
You hit the orc.
The orc is heavily wounded.
You block the orc's attack. The orc completely misses you.
The frilled lizard barely misses you.
The orc priest looks braver for a moment.
You closely miss the orc.
The orc is heavily wounded.
The orc completely misses you.
The orc priest calls down the wrath of Beogh upon you.
Beogh smites you!
Ouch! That really hurt!
* * * LOW HITPOINT WARNING * * *
The orc priest invokes the aid of Beogh against you.
Beogh smites you!
Ouch! That really hurt!
You die...

#.# ##...
#.# #...
#.# #[#.
#.# #...
#.# #...
#.# ##..
#.# ###
#.#
#@########
#.##.....#
#.##.....#
#o##...(.#
#l##.....#
#.##.....#
#.o..b...+
####o....#
#.....#


You could see an orc priest, an orc and a frilled lizard.

Vanquished Creatures
  4 adders
  2 orcs (D:3)
  3 ball pythons
  4 bats
  4 hobgoblins
  5 kobolds
  2 frilled lizards (D:3)
  2 goblins
  2 rats (D:2)
28 creatures vanquished.

Vanquished Creatures (others)
  A plant (D:1)
1 creature vanquished.

Grand Total: 29 creatures vanquished

Notes
Turn   | Place    | Note
-------+----------+-------------------------------------------
     0 | D:1      | drpainis the Spriggan Enchanter began the quest for the
                  | Orb.
     0 | D:1      | Reached XP level 1. HP: 9/9 MP: 5/5
   441 | D:1      | Found a faded altar of an unknown god.
  1069 | D:2      | Reached XP level 2. HP: 11/13 MP: 6/6
  1080 | D:2      | Reached skill level 5 in Stealth
  1456 | D:2      | Found a hide-covered altar of Uskayaw.
  1640 | D:2      | Learned a level 2 spell: Ensorcelled Hibernation
  2135 | D:3      | Reached XP level 3. HP: 16/16 MP: 2/8
  2461 | D:3      | Found an ornate altar of the Wu Jian Council.
  2890 | D:3      | Killed from afar by an orc priest

Illustrated notes

Levels and vault maps discovered:
D:1:      scummos_arrival_hexagon, layout_loops_ring,
          shapermc_ecumenical_altar_mp_ritualfount, minmay_tree_intersection,
          dk_noncrumbling_3
D:2:      layout_loops_ring, basic_altar
D:3:      layout_basic, lemuel_crystal_altar, serial_shops,
          nicolae_shop_bloodbath_and_beyond

Skill      XL: |  1  2  3 |
---------------+----------+-----
Stealth        | 5 |  5.7
Hexes          | 4 |  4.2
Spellcasting   | 3 |  3.4
Dodging        | 3 |  3.1
Short Blades   | |  1.2
Shields        | |  0.1
Ice Magic      | |  0.1

Action                   || total
-------------------------++-------
Melee: Dagger            ||    71
       Punch             ||     2
 Cast: Ensorcelled Hiber ||     6
 Stab: Sleeping          ||    10
Armor: Robe              ||     4
Dodge: Dodged            ||    53
Block: Other             ||    16

Table legend: (Time is in decaauts)
 A = Elapsed time spent in this place.
 B = Non-inter-level travel time spent in this place.
 C = Inter-level travel time spent in this place.
 D = Time resting spent in this place.
 E = Time spent auto-exploring this place.
 F = Levels seen in this place.
 G = Mean time per level.
                   A        B        C        D        E       F      G
               +--------+--------+--------+--------+--------+-----+--------+
         Total |   2142 |   2142 |      0 |    432 |   1389 |   3 |  714.0 |
       Dungeon |   2142 |   2142 |      0 |    432 |   1389 |   3 |  714.0 |
               +--------+--------+--------+--------+--------+-----+--------+

Top non-repeatable levels by time:
     D:2: 855 daAuts
     D:1: 725 daAuts
     D:3: 561 daAuts
